[Event "Early-Titled-Tuesday-Blitz-November-28-2023"]
[Site "Chess.com"]
[Date "2023.11.28"]
[Round "9"]
[White "Ginzburg_Yakov"]
[Black "baki83"]
[Result "0-1"]
[WhiteElo "2611"]
[BlackElo "2817"]
[TimeControl "180+1"]
[EndTime "9:46:19 PST"]
[Termination "baki83 won by resignation"]

1. d4 d5 2. Nf3 Nf6 3. c4 e6 4. g3 Bb4+ 5. Nc3 dxc4 6. Bg2 O-O 7. O-O Nc6 8. Bg5 h6 9. Bxf6 Qxf6 10.
e4 Rd8 11. e5 Qe7 12. Ne4 Bd7 13. Qe1 Bxe1 0-1

[Event "Early-Titled-Tuesday-Blitz-November-28-2023"]
[Site "Chess.com"]
[Date "2023.11.28"]
[Round "9"]
[White "inagreV"]
[Black "LaPiToB"]
[Result "1-0"]
[WhiteElo "2422"]
[BlackElo "2273"]
[TimeControl "180+1"]
[EndTime "9:46:54 PST"]
[Termination "inagreV won by checkmate"]

1. d4 Nf6 2. c4 e6 3. Nf3 d5 4. e3 c5 5. Nc3 Nc6 6. a3 a6 7.
dxc5 Bxc5 8. b4 Be7 9. cxd5 exd5 10. Bb2 O-O 11. Be2 Bf5 12. O-O Rc8 13. Nd4 Bg6 14.
Nxc6 Rxc6 15. Qd4 Qc8 16. Nxd5 Nxd5 17. Qxg7# 1-0

[Event "Early-Titled-Tuesday-Blitz-November-28-2023"]
[Site "Chess.com"]
[Date "2023.11.28"]
[Round "9"]
[White "grandemestregringo"]
[Black "ozen_metehan"]
[Result "1-0"]
[WhiteElo "2614"]
[BlackElo "2449"]
[TimeControl "180+1"]
[EndTime "9:46:57 PST"]
[Termination "grandemestregringo won by resignation"]

1. f4 e5 2. fxe5 d6 3. exd6 Bxd6 4. Nf3 g5 5. g3 h5 6. d4 h4 7. Bxg5 f6 8. Bxh4 Nh6 9. Nc3 Nf5 10. Qd3 Nxh4 11. Nxh4 Nc6 12. O-O-O Qe7 13. Nd5 Qf7 14. Qe4+ Be6 15. Bh3 Nd8 16. Rhf1 Rh6 17. Rd3 1-0

[Event "Early-Titled-Tuesday-Blitz-November-28-2023"]
[Site "Chess.com"]
[Date "2023.11.28"]
[Round "9"]
[White "Cheer_Down"]
[Black "GatoRojo150"]
[Result "1/2-1/2"]
[WhiteElo "2509"]
[BlackElo "2615"]
[TimeControl "180+1"]
[EndTime "9:47:00 PST"]
[Termination "Game drawn by repetition"]

1. d4 d5 2. Bf4 c5 3. e3 Nc6 4. Nf3 Nf6 5. Nbd2 cxd4 6. exd4 Bf5 7. c3 e6 8. Be2 Bd6 9. Bxd6 Qxd6 10. O-O O-O 11.
Nb3 Ne4 12. Re1 Bg4 13. Nfd2 Bxe2 14. Qxe2 Nf6 15. Nc5 b6 16. Nd3 Rac8 17. Nf3 Ne4 18.
Nd2 Nf6 19. Nf3 Ne4 20. Nd2 Nf6 1/2-1/2

[Event "Early-Titled-Tuesday-Blitz-November-28-2023"]
[Site "Chess.com"]
[Date "2023.11.28"]
[Round "9"]
[White "TigrVShlyape"]
[Black "Oleksandr_Bortnyk"]
[Result "1/2-1/2"]
[WhiteElo "2983"]
[BlackElo "3060"]
[TimeControl "180+1"]
[EndTime "9:47:46 PST"]
[Termination "Game drawn by agreement"]

1. e4 Nf6 2. e5 Nd5 3. d4 d6 4.
Nf3 dxe5 5. Nxe5 c6 6. c3 Nd7 7.
Nxd7 Bxd7 8. Nd2 Bf5 9. Nc4 e6 10.
Bd3 Bg6 11. O-O Bd6 12. Nxd6+ Qxd6 13. Re1 O-O 14. Bc4 Rfd8 15. Bg5 Rd7 16. Qf3 1/2-1/2

[Event "Early-Titled-Tuesday-Blitz-November-28-2023"]
[Site "Chess.com"]
[Date "2023.11.28"]
[Round "9"]
[White "vladgoncharov"]
[Black "juniortay"]
[Result "1-0"]
[WhiteElo "2629"]
[BlackElo "2509"]
[TimeControl "180+1"]
[EndTime "9:48:00 PST"]
[Termination "vladgoncharov won by resignation"]

1. d4 d5 2. c4 e6 3. Nc3 c5 4. cxd5 exd5 5. Nf3 Nc6 6. g3 Nf6 7. Bg2 cxd4 8. Nxd4 Bc5 9. Nb3 Bb6 10. O-O d4 11. Na4 O-O 12. Bg5 Re8 13. Re1 h6 14. Bxf6 Qxf6 15.
Nxb6 axb6 16. Bxc6 bxc6 17. Qxd4 Qd8 18. Qc3 c5 19. Rad1 Qc7 20. a3 Bb7 21. Nc1 Re6 22.
Nd3 Rae8 23. Nf4 Re4 24. f3 R4e5 25. e4 f5 26. Ng6 R5e6 27. exf5 Re2 28. Rxe2 Rxe2 29.
Qc4+ 1-0

[Event "Early-Titled-Tuesday-Blitz-November-28-2023"]
[Site "Chess.com"]
[Date "2023.11.28"]
[Round "9"]
[White "FM-to-GM"]
[Black "ArtemDyachuk"]
[Result "0-1"]
[WhiteElo "2663"]
[BlackElo "2540"]
[TimeControl "180+1"]
[EndTime "9:48:21 PST"]
[Termination "ArtemDyachuk won by resignation"]

1. e4 e5 2. Nf3 Nf6 3. Nxe5 d6 4.
Nf3 Nxe4 5. c4 Be7 6. d3 Nf6 7.
d4 d5 8. c5 O-O 9. Bd3 b6 10.
Qc2 Na6 11. Bg5 Nb4 12. Qc3 Nxd3+ 13. Qxd3 a5 14. cxb6 Ba6 15. bxc7 Qxc7 16. Qf5 Bb4+ 17. Nbd2 Qc4 18. Ng1 0-1

[Event "Early-Titled-Tuesday-Blitz-November-28-2023"]
[Site "Chess.com"]
[Date "2023.11.28"]
[Round "9"]
[White "deribas12345"]
[Black "VitaliyChayka"]
[Result "0-1"]
[WhiteElo "2538"]
[BlackElo "2441"]
[TimeControl "180+1"]
[EndTime "9:48:22 PST"]
[Termination "VitaliyChayka won by resignation"]

1. d4 d6 2. c4 e5 3. d5 Be7 4. e4 Bg5 5. Nc3 a5 6. Nf3 Bxc1 7. Rxc1 Na6 8. Be2 Nf6 9. O-O Nc5 10. Nd2 O-O 11. f3 Nh5 12. g3 Qg5 13. Kh1 Qh6 14. Rg1 Bd7 15. f4 Nf6 16. Qf1 Rae8 17. f5 Qxd2 18. Bf3 Nd3 19. Rc2 Qxc2 0-1

[Event "Early-Titled-Tuesday-Blitz-November-28-2023"]
[Site "Chess.com"]
[Date "2023.11.28"]
[Round "9"]
[White "margarita_2703"]
[Black "wqws"]
[Result "0-1"]
[WhiteElo "2358"]
[BlackElo "2593"]
[TimeControl "180+1"]
[EndTime "9:48:30 PST"]
[Termination "wqws won by resignation"]

1. e4 e5 2. Nf3 Nc6 3. Bc4 Nf6 4. Ng5 d5 5. exd5 Na5 6. d3 h6 7. Nf3 e4 8. Qe2 Nxc4 9. dxc4 Bc5 10. O-O O-O 11.
Nfd2 Bg4 12. Qe1 Re8 13. Nb3 Bd6 14. h3 Bf5 15. Nd4 Bd7 16. Nc3 Qc8 17. Qe3 Re5 18. Ndb5 Rh5 19. Nxd6 cxd6 20. Nxe4 Qxc4 21. Nxf6+ gxf6 22. Qg3+ Kh7 23. Qxd6 Bxh3 24. Qxf6 Rf5 25. Qh4 Qxh4 0-1

[Event "Early-Titled-Tuesday-Blitz-November-28-2023"]
[Site "Chess.com"]
[Date "2023.11.28"]
[Round "9"]
[White "cthulhuuu"]
[Black "pinguino120"]
[Result "1-0"]
[WhiteElo "2485"]
[BlackElo "2302"]
[TimeControl "180+1"]
[EndTime "9:48:36 PST"]
[Termination "cthulhuuu won by resignation"]

1. e4 c6 2. d3 d5 3. Nd2 g6 4. Ngf3 Bg7 5. e5 Nh6 6. h3 O-O 7. d4 f6 8. Bd3 fxe5 9. Nxe5 c5 10. c3 cxd4 11. cxd4 Nc6 12. Ndf3 Bf5 13. O-O Bxd3 14. Qxd3 Nf5 15. Nxc6 bxc6 16. Re1 Qd6 17. Ne5 c5 18. dxc5 Qe6 19. Bf4 g5 20. Bh2 Rad8 21. c6 Bxe5 22. Rxe5 Qf7 23. c7 Rd7 24. Rxf5 1-0

[Event "Early-Titled-Tuesday-Blitz-November-28-2023"]
[Site "Chess.com"]
[Date "2023.11.28"]
[Round "9"]
[White "LileKoridze"]
[Black "GiorgianBarbosa"]
[Result "0-1"]
[WhiteElo "2386"]
[BlackElo "2526"]
[TimeControl "180+1"]
[EndTime "9:48:41 PST"]
[Termination "GiorgianBarbosa won by resignation"]

1. d4 Nf6 2. c3 g6 3. Nf3 Bg7 4. e3 O-O 5. Bd3 b6 6. O-O Bb7 7. Nbd2 c5 8. Qe2 d5 9. dxc5 bxc5 10. c4 d4 11. exd4 cxd4 12. Nb3 Nc6 13. Bf4 Nd7 14.
Be4 e5 15. Bxc6 Bxc6 16. Nxe5 Nxe5 17. Bxe5 Re8 18. f4 f6 19. Qf2 fxe5 20. fxe5 Bxe5 21. Qf7+ Kh8 22. Rae1 Qg5 23. Rf2 Bxh2+ 24. Kxh2 Qh4+ 25. Kg1 Rxe1+ 26. Rf1 Rxf1+ 27. Kxf1 Qh1+ 0-1

[Event "Early-Titled-Tuesday-Blitz-November-28-2023"]
[Site "Chess.com"]
[Date "2023.11.28"]
[Round "9"]
[White "HATilay"]
[Black "carokannlover213"]
[Result "0-1"]
[WhiteElo "2525"]
[BlackElo "2690"]
[TimeControl "180+1"]
[EndTime "9:48:52 PST"]
[Termination "carokannlover213 won by resignation"]

1. d4 Nf6 2. c4 e6 3. Nc3 Bb4 4. e3 O-O 5. Bd3 Re8 6. Nf3 Bxc3+ 7. bxc3 d6 8. e4 e5 9. O-O exd4 10. cxd4 Bg4 11.
Qb3 Nc6 12. Qxb7 Bxf3 13. Qxc6 Bxe4 14. Bxe4 Nxe4 15. Be3 Rb8 16. Rab1 Rb6 17. Qa4 Nc3 18. Qc2 Nxb1 19. Rxb1 Rxb1+ 20. Qxb1 Qb8 21. Qc2 Qb7 22. h3 Qe4 23. Qa4 f5 24. g3 Rb8 0-1

[Event "Early-Titled-Tuesday-Blitz-November-28-2023"]
[Site "Chess.com"]
[Date "2023.11.28"]
[Round "9"]
[White "Shuvalov"]
[Black "YouShallNotPass001"]
[Result "1-0"]
[WhiteElo "2576"]
[BlackElo "2447"]
[TimeControl "180+1"]
[EndTime "9:48:52 PST"]
[Termination "Shuvalov won by resignation"]

1. d4 Nf6 2. c4 e6 3. Nc3 d5 4. Nf3 Bb4 5. Bg5 Nbd7 6. cxd5 exd5 7. Qc2 h6 8. Bh4 g5 9. Bg3 Ne4 10. Nd2 Nxd2 11. Qxd2 c6 12. e3 Nf6 13. Bd3 Qe7 14.
h4 Rg8 15. hxg5 hxg5 16. O-O-O Be6 17. Qc2 O-O-O 18. Qa4 b5 19. Nxb5 cxb5 20. Bxb5 Bd6 21. Ba6+ Kb8 22. Qb5+ Ka8 23. Qc6+ Kb8 24. Rd3 Rc8 25.
Rb3+ Qb7 26. Rxb7+ 1-0

[Event "Early-Titled-Tuesday-Blitz-November-28-2023"]
[Site "Chess.com"]
[Date "2023.11.28"]
[Round "9"]
[White "Jamal-Jamal-Jamal"]
[Black "AndresDelgado77"]
[Result "0-1"]
[WhiteElo "2470"]
[BlackElo "2293"]
[TimeControl "180+1"]
[EndTime "9:49:17 PST"]
[Termination "AndresDelgado77 won by checkmate"]

1. d4 Nf6 2. c4 c6 3. Nf3 d5 4. e3 a6 5. Nbd2 b5 6. b3 Bf5 7. Bb2 e6 8. Be2 Nbd7 9. Nh4 Bg6 10. O-O Bd6 11. h3 Ne4 12. Nxg6 hxg6 13. Bf3 Ng5 14.
e4 Bf4 15. exd5 Rxh3 16. gxh3 Nxh3+ 17. Kg2 Qg5+ 18. Kxh3 Qh6+ 19. Kg2 Qh2# 0-1

[Event "Early-Titled-Tuesday-Blitz-November-28-2023"]
[Site "Chess.com"]
[Date "2023.11.28"]
[Round "9"]
[White "Mistango"]
[Black "Aguiar94"]
[Result "1-0"]
[WhiteElo "2475"]
[BlackElo "2604"]
[TimeControl "180+1"]
[EndTime "9:49:42 PST"]
[Termination "Mistango won by resignation"]

1. e4 c5 2. Nf3 e6 3. d4 cxd4 4. Nxd4 Nc6 5. Nc3 Qc7 6. Be3 a6 7. Qf3 Nf6 8. O-O-O Nxd4 9. Bxd4 e5 10. Be3 d6 11. h3 h6 12. Kb1 Be6 13. g4 Rc8 14.
g5 hxg5 15. Bxg5 Qa5 16. Nd5 Nxd5 17. exd5 Bd7 18. Bd3 g6 19. Qf6 Rh7 20. f4 Bb5 21. fxe5 Bxd3 22. Rxd3 Qc7 23. Rc3 Qb8 24. Rxc8+ Qxc8 25. exd6 Kd7 26. Re1 Bxd6 27. Re7+ 1-0

[Event "Early-Titled-Tuesday-Blitz-November-28-2023"]
[Site "Chess.com"]
[Date "2023.11.28"]
[Round "9"]
[White "Korchmar_Vasiliy"]
[Black "WindWhistler11"]
[Result "1-0"]
[WhiteElo "2727"]
[BlackElo "2558"]
[TimeControl "180+1"]
[EndTime "9:49:46 PST"]
[Termination "Korchmar_Vasiliy won by resignation"]

1. e4 e6 2. d4 d5 3. e5 c5 4. c3 Nc6 5. Nf3 Bd7 6. Be2 Nge7 7. Na3 cxd4 8. cxd4 Nf5 9. Nc2 Be7 10.
O-O f6 11. g4 fxe5 12. gxf5 e4 13. fxe6 Bxe6 14. Ne5 O-O 15. Be3 Bd6 16. f4 exf3 17. Bxf3 Qh4 18. Qe1 Qxe1 19. Raxe1 Bxe5 20. dxe5 Nxe5 21.
Nd4 Bf7 22. Bg2 Nd3 23. Re2 Rae8 24. b3 Bh5 25. Bxd5+ Kh8 26. Rxf8+ Rxf8 27. Rd2 Ne5 28. Ne6 Rc8 29. Bd4 Rc1+ 30. Kg2 Re1 31. Kf2 1-0

[Event "Early-Titled-Tuesday-Blitz-November-28-2023"]
[Site "Chess.com"]
[Date "2023.11.28"]
[Round "9"]
[White "Alen_Yeremyann"]
[Black "ContrVersia"]
[Result "0-1"]
[WhiteElo "2779"]
[BlackElo "2880"]
[TimeControl "180+1"]
[EndTime "9:49:48 PST"]
[Termination "ContrVersia won by resignation"]

1. e4 c5 2. Nc3 Nc6 3. Bb5 Nd4 4. Bc4 e6 5. Nge2 a6 6. a4 Qc7 7. O-O Nf6 8. d3 Nc6 9. f4 d6 10. Kh1 Be7 11. Be3 O-O 12. Bg1 b6 13. Qe1 Nb4 14.
Bb3 Bb7 15. f5 exf5 16. Rxf5 g6 17. Rf1 d5 18. exd5 Nfxd5 19. Nxd5 Bxd5 20. Bxd5 Nxd5 21. Ng3 Rae8 22. Qd2 f5 23. Rae1 Bf6 24. c3 Qd7 25. Ne2 Qxa4 26. c4 Nb4 27. d4 Qc2 28. Qf4 Nd3 29. Qf3 Nxe1 30. Qd5+ Kh8 31. Nf4 Qe4 32. Qd7 Nd3 33. Nd5 Bxd4 34. Bxd4+ 0-1

[Event "Early-Titled-Tuesday-Blitz-November-28-2023"]
[Site "Chess.com"]
[Date "2023.11.28"]
[Round "9"]
[White "FairChess_on_YouTube"]
[Black "Chessmissile07"]
[Result "1-0"]
[WhiteElo "3079"]
[BlackElo "2855"]
[TimeControl "180+1"]
[EndTime "9:49:52 PST"]
[Termination "FairChess_on_YouTube won by resignation"]

1. d4 a6 2. h4 e6 3. Bf4 Nf6 4. e3 c5 5. c3 Nc6 6. Nd2 d5 7. h5 h6 8. Ngf3 Bd6 9. dxc5 Bxc5 10. Bd3 Bd6 11. Bxd6 Qxd6 12. e4 O-O 13. Qe2 dxe4 14. Nxe4 Nxe4 15. Bxe4 Bd7 16. Rd1 Qc7 17. O-O Rfd8 18.
Qe3 Ne7 19. Ne5 Bb5 20. c4 Bc6 21. Bc2 Rxd1 22. Rxd1 Rd8 23. Re1 Qa5 24. Nxf7 Qxh5 25. Nxd8 1-0

[Event "Early-Titled-Tuesday-Blitz-November-28-2023"]
[Site "Chess.com"]
[Date "2023.11.28"]
[Round "9"]
[White "DarZay"]
[Black "MIss_MIaMI"]
[Result "0-1"]
[WhiteElo "2248"]
[BlackElo "2406"]
[TimeControl "180+1"]
[EndTime "9:49:54 PST"]
[Termination "MIss_MIaMI won by resignation"]

1. e4 c5 2. Nf3 e6 3. d4 cxd4 4. Nxd4 a6 5. Nc3 Qc7 6. a4 Bb4 7. Bd2 Nf6 8. Bd3 O-O 9. O-O Bd6 10. f4 Bc5 11. Be3 Nc6 12. Nce2 Ng4 13. Qd2 e5 14. fxe5 Qxe5 15. Nf3 Bxe3+ 16. Qxe3 Nxe3 17.
Nxe5 Nxe5 18. Rf4 Nxd3 19. cxd3 Nc2 20. Rc1 Nb4 21. d4 Nd3 22. Rff1 Nxc1 23. Rxc1 d6 24. d5 Re8 25. Ng3 Bd7 26. Rc7 Bxa4 27. Rxb7 g6 28. Rb6 Bb5 29. Rxd6 h5 30. h4 Rac8 31. Rb6 Rc1+ 32.
Kh2 Rc2 33. b4 Rc4 34. d6 Rxb4 35. e5 Rxh4+ 36. Kg1 Rxe5 0-1

[Event "Early-Titled-Tuesday-Blitz-November-28-2023"]
[Site "Chess.com"]
[Date "2023.11.28"]
[Round "9"]
[White "Ariadna_Atreides"]
[Black "ElVital"]
[Result "0-1"]
[WhiteElo "2190"]
[BlackElo "2354"]
[TimeControl "180+1"]
[EndTime "9:49:58 PST"]
[Termination "ElVital won on time"]

1. d4 Nf6 2. Nf3 g6 3. b3 Bg7 4.
Bb2 c5 5. dxc5 Na6 6. Bd4 O-O 7. Nbd2 b6 8. cxb6 axb6 9. e3 Bb7 10. Be2 Nc5 11. O-O d6 12. a4 Qc7 13. Nc4 Rfd8 14. Rc1 e5 15. Ba1 Nfe4 16. Nfd2 d5 17. Na3 d4 18. exd4 exd4 19. Nb5 Qe7 20. Bf3 Nc3 21.
Qe1 Qxe1 22. Rfxe1 Bxf3 23. Nxf3 Nxb5 24. axb5 d3 25. Bxg7 Kxg7 26. Red1 dxc2 27. Rxd8 Rxd8 28. Ne1 Rd1 0-1

[Event "Early-Titled-Tuesday-Blitz-November-28-2023"]
[Site "Chess.com"]
[Date "2023.11.28"]
[Round "9"]
[White "atalz0"]
[Black "nitpicker"]
[Result "1-0"]
[WhiteElo "2489"]
[BlackElo "2329"]
[TimeControl "180+1"]
[EndTime "9:49:59 PST"]
[Termination "atalz0 won on time"]

1. d4 Nf6 2. c4 e6 3. Nc3 Bb4 4. Qc2 d5 5. cxd5 exd5 6. Bf4 O-O 7. e3 c6 8. Bd3 Nbd7 9. h3 Re8 10. Nf3 b6 11. O-O Bb7 12. Rfd1 a5 13. Rac1 Rc8 14. Ne5 h6 15. Bf5 Ra8 16. Na4 Re7 17. Nxc6 Bxc6 18. Qxc6 Re8 19. Bc7 Qc8 20. Nxb6 Qa6 21. Nxd7 1-0

[Event "Early-Titled-Tuesday-Blitz-November-28-2023"]
[Site "Chess.com"]
[Date "2023.11.28"]
[Round "9"]
[White "Lion-Al-Messi"]
[Black "carloseduar100"]
[Result "1-0"]
[WhiteElo "2608"]
[BlackElo "2276"]
[TimeControl "180+1"]
[EndTime "9:50:09 PST"]
[Termination "Lion-Al-Messi won by checkmate"]

1. Nc3 Nf6 2. d4 g6 3. e4 Bg7 4. e5 Ng8 5. f4 d6 6. Nf3 Bg4 7. Bc4 e6 8. h3 Bxf3 9. Qxf3 Ne7 10. Qxb7 Nd7 11. exd6 cxd6 12. Bb5 Rc8 13. Qxd7+ Qxd7 14. Bxd7+ Kxd7 15. Be3 Nf5 16. Bf2 Bxd4 17. Bxd4 Nxd4 18. O-O-O Nf5 19. g4 Ne3 20. Rd3 Nc4 21. Rhd1 d5 22.
b3 Nb6 23. Ne4 Ke7 24. Nd2 h5 25. g5 Rc7 26. Nf3 Rhc8 27. R1d2 a5 28. a4 Nd7 29. Nd4 Nc5 30. Re3 Ne4 31. Rde2 Rc3 32. Nb5 Rxe3 33.
Rxe3 f6 34. h4 fxg5 35. fxg5 e5 36. Kb2 Ke6 37. c4 Nd6 38. cxd5+ Kd7 39. Rxe5 Nf5 40. d6 Nxh4 41. Re7+ Kd8 42. Nd4 Rb8 43. Ne6+ Kc8 44. Rc7# 1-0

[Event "Early-Titled-Tuesday-Blitz-November-28-2023"]
[Site "Chess.com"]
[Date "2023.11.28"]
[Round "9"]
[White "Aslanov_Umid"]
[Black "Zavgorodniy_Sergiy"]
[Result "1/2-1/2"]
[WhiteElo "2535"]
[BlackElo "2692"]
[TimeControl "180+1"]
[EndTime "9:50:11 PST"]
[Termination "Game drawn by repetition"]

1. e4 e5 2. Nf3 d6 3. d4 exd4 4. Nxd4 Nf6 5. Nc3 Be7 6. g3 Bg4 7. Qd2 c5 8. Nf5 Bxf5 9. exf5 d5 10. Bg2 d4 11. Ne4 Nbd7 12. O-O O-O 13. Nxf6+ Bxf6 14. Bxb7 Rb8 15. Bg2 Ne5 16. b3 c4 17. Ba3 Re8 18. Rad1 d3 19. Bb2 dxc2 20. Qxc2 cxb3 21. axb3 Qb6 22. Rfe1 h6 23. Be4 Qxb3 24. Qxb3 Rxb3 25. Bxe5 Rxe5 26. Bd5 Rxe1+ 27. Rxe1 Rb8 28. Rc1 Bd4 29. Rc7 Rf8 30. Rd7 Bb6 31. Rb7 Bc5 32. Rc7 Bb6 33.
Rb7 Bc5 34. Rc7 Bb6 35. Rb7 1/2-1/2

[Event "Early-Titled-Tuesday-Blitz-November-28-2023"]
[Site "Chess.com"]
[Date "2023.11.28"]
[Round "9"]
[White "Lady_Nika"]
[Black "Igor_Lysyj"]
[Result "0-1"]
[WhiteElo "2572"]
[BlackElo "2803"]
[TimeControl "180+1"]
[EndTime "9:50:12 PST"]
[Termination "Igor_Lysyj won by resignation"]

1. e4 e5 2. Nf3 Nc6 3. Bb5 a6 4. Bxc6 dxc6 5. O-O Qf6 6. d3 Ne7 7. Be3 Ng6 8. Nbd2 Bd6 9. Nc4 Bg4 10. Nxd6+ cxd6 11. h3 Bxf3 12. Qxf3 Qxf3 13. gxf3 O-O 14. Kh2 f5 15. Bg5 h6 16. Bd2 f4 17. Bc3 Nh4 18.
Kh1 Nxf3 19. Rad1 c5 20. b3 a5 21. a4 b6 22. Bb2 Rf6 23. c3 Rc8 24. c4 Rg6 25. Bc1 Rf8 26. Bb2 Rff6 27. Rc1 Rg5 28. Rc2 Rfg6 29. Rcc1 Rg2 0-1

[Event "Early-Titled-Tuesday-Blitz-November-28-2023"]
[Site "Chess.com"]
[Date "2023.11.28"]
[Round "9"]
[White "Laico"]
[Black "Gyulamiryan-koryun"]
[Result "1-0"]
[WhiteElo "2339"]
[BlackElo "1940"]
[TimeControl "180+1"]
[EndTime "9:50:15 PST"]
[Termination "Laico won on time"]

1. e4 e5 2. Nc3 Nc6 3. Bc4 Nf6 4. d3 Na5 5. Bb3 Nxb3 6. axb3 a6 7.
Bg5 Be7 8. f4 exf4 9. Nf3 d6 10.
O-O O-O 11. Bxf4 Bg4 12. Qe1 Bh5 13. Nd4 Bg6 14. Be3 c6 15. Nf5 Bxf5 16. Rxf5 Re8 17. Qg3 g6 18. Raf1 Kh8 19. Bh6 Rg8 20. R5f3 Nh5 21.
Qf2 f6 22. Be3 b5 23. Bd4 b4 24. g4 c5 25. gxh5 gxh5+ 26. Kh1 cxd4 27. Nd5 1-0

[Event "Early-Titled-Tuesday-Blitz-November-28-2023"]
[Site "Chess.com"]
[Date "2023.11.28"]
[Round "9"]
[White "JimDiGrease"]
[Black "djano"]
[Result "1-0"]
[WhiteElo "2936"]
[BlackElo "2577"]
[TimeControl "180+1"]
[EndTime "9:50:16 PST"]
[Termination "JimDiGrease won by resignation"]

1. d4 d5 2. c4 e6 3. Nf3 Nf6 4. Qc2 c5 5. dxc5 Bxc5 6. cxd5 Qb6 7. e3 Nxd5 8. a3 Nc6 9. Bd3 Nf6 10. Nc3 Bd6 11. O-O O-O 12. Ne4 Nxe4 13. Bxe4 f5 14. Bd3 e5 15. Bc4+ Kh8 16. Ng5 Qc7 17. Rd1 e4 18. Nf7+ Rxf7 19. Bxf7 Bxh2+ 20. Kh1 Qxf7 21. Kxh2 Be6 22. Bd2 Ne5 23. Bb4 Qh5+ 24. Kg1 Bc4 25. Bd6 Nf3+ 26. gxf3 exf3 27. Qxc4 Re8 28. Bg3 h6 29.
Rd4 Rxe3 30. Rd8+ Kh7 31. Qg8+ Kg6 32. Rd6+ Kg5 33. Qxg7+ 1-0

[Event "Early-Titled-Tuesday-Blitz-November-28-2023"]
[Site "Chess.com"]
[Date "2023.11.28"]
[Round "9"]
[White "MaxLeto"]
[Black "Casper"]
[Result "0-1"]
[WhiteElo "2537"]
[BlackElo "2437"]
[TimeControl "180+1"]
[EndTime "9:50:18 PST"]
[Termination "Casper won on time"]

1. g4 d5 2. Bg2 Bxg4 3. c4 e6 4. Qb3 Nc6 5. cxd5 exd5 6. Bxd5 Nd4 7. Qa4+ c6 8. Qxd4 Qxd5 9. Qxd5 cxd5 10. Nc3 Nf6 11.
d4 Rc8 12. Bd2 Bd6 13. h3 Bf5 14. Nf3 O-O 15. Rc1 Rfe8 16. e3 Bd3 17. Rg1 Bb4 18.
a3 Ba5 19. b4 Bc7 20. Na4 b6 21. Nb2 Bf5 22. h4 Bg4 23. Ke2 h5 24. Nd3 Ne4 25.
Bc3 Bh2 26. Rh1 Nxc3+ 27. Rxc3 Rxc3 28. Rxh2 Bxf3+ 29. Kd2 Rxa3 30. Nf4 Rc8 0-1

[Event "Early-Titled-Tuesday-Blitz-November-28-2023"]
[Site "Chess.com"]
[Date "2023.11.28"]
[Round "9"]
[White "Aradhya2000"]
[Black "sumopork"]
[Result "0-1"]
[WhiteElo "2712"]
[BlackElo "2832"]
[TimeControl "180+1"]
[EndTime "9:50:21 PST"]
[Termination "sumopork won by resignation"]

1. d4 g6 2. e4 Bg7 3. Nf3 d6 4. Nc3 a6 5. Be3 b5 6. a4 b4 7. Ne2 Bb7 8. Ng3 Nd7 9. Bd3 c5 10. c3 bxc3 11. bxc3 Ngf6 12. O-O O-O 13. h3 Qa5 14. Qb3 Rab8 15. Qa3 d5 16. e5 Ne4 17.
Bxe4 dxe4 18. Nd2 f5 19. exf6 Nxf6 20. Qxc5 Qxc5 21. dxc5 Nd5 22. Ndxe4 Nxe3 23. fxe3 Rxf1+ 24. Rxf1 Bc6 25. a5 Be5 26. Rd1 Kg7 27. Kf2 Rb5 28. Nd2 Rxa5 29. c4 Ra2 30. Ne2 Ba4 31. Nc1 Rb2 32. Nd3 Bxd1 33. Nxb2 Bxb2 34. c6 Be5 35. Nb3 Bxb3 0-1

[Event "Early-Titled-Tuesday-Blitz-November-28-2023"]
[Site "Chess.com"]
[Date "2023.11.28"]
[Round "9"]
[White "Savagelittlemole"]
[Black "jamengrand"]
[Result "0-1"]
[WhiteElo "2480"]
[BlackElo "2291"]
[TimeControl "180+1"]
[EndTime "9:50:21 PST"]
[Termination "jamengrand won by resignation"]

1. e4 Nc6 2. Bb5 e5 3. Nc3 Nf6 4. Nge2 Nd4 5. Bc4 Bc5 6. O-O d6 7. d3 Bg4 8. Kh1 Nxe2 9. Nxe2 c6 10. f3 Be6 11. Bxe6 fxe6 12. d4 Bb6 13. dxe5 dxe5 14. Bg5 Qxd1 15. Rfxd1 h6 16. Bh4 Nh5 17. Bg3 Nxg3+ 18.
hxg3 h5 19. Kh2 g5 20. f4 exf4 21. gxf4 gxf4 22. Nxf4 Bc7 23. g3 h4 24. Nxe6 hxg3+ 25. Kg2 Be5 26. c3 Ke7 27. Nc5 Raf8 28. Nd3 Rh2+ 29.
Kg1 Bc7 30. e5 Bb6+ 0-1

[Event "Early-Titled-Tuesday-Blitz-November-28-2023"]
[Site "Chess.com"]
[Date "2023.11.28"]
[Round "9"]
[White "alvarorodriguezavila"]
[Black "salomez"]
[Result "0-1"]
[WhiteElo "2234"]
[BlackElo "2405"]
[TimeControl "180+1"]
[EndTime "9:50:21 PST"]
[Termination "salomez won by resignation"]

1. e4 e6 2. d4 d5 3. Nc3 Nf6 4. e5 Ng8 5. Nce2 Bd7 6. f4 c5 7. c3 Nc6 8. Nf3 Qb6 9. a3 Nh6 10. h4 Nf5 11. b4 cxd4 12. cxd4 a5 13. b5 Qxb5 14. Ng3 Qb6 15. Nxf5 exf5 16. Be3 Be7 17. Rb1 Qc7 18. Qb3 a4 19. Qa2 O-O 20. Rh3 Na5 21. Rg3 Nc4 22. Bc1 b5 23. Bd3 Rab8 24. Kf1 Kh8 25. h5 b4 26. axb4 Rxb4 27. Rxb4 Bxb4 28. Qxa4 Bxa4 0-1

[Event "Early-Titled-Tuesday-Blitz-November-28-2023"]
[Site "Chess.com"]
[Date "2023.11.28"]
[Round "9"]
[White "tylityli"]
[Black "Politov_Pavel"]
[Result "1-0"]
[WhiteElo "2265"]
[BlackElo "2121"]
[TimeControl "180+1"]
[EndTime "9:50:23 PST"]
[Termination "tylityli won by resignation"]

1. d4 d5 2. c4 dxc4 3. Nf3 Nf6 4. e3 e6 5. Bxc4 c5 6. O-O a6 7. Qe2 b5 8. Bb3 Nbd7 9. e4 cxd4 10. e5 Nd5 11. Bxd5 exd5 12. e6 fxe6 13. Qxe6+ Qe7 14. Qxd5 Nb6 15. Qc6+ Bd7 16. Qxb6 Qc5 17. Re1+ Kf7 18. Ne5+ Qxe5 19. Rxe5 Rc8 20. Nd2 Rc6 21. Qxd4 Bd6 22. Rd5 Ke7 23. Nf3 Be6 24. Qxg7+ Bf7 25. Bg5+ Kd7 26. Qxf7+ Kc8 1-0

[Event "Early-Titled-Tuesday-Blitz-November-28-2023"]
[Site "Chess.com"]
[Date "2023.11.28"]
[Round "9"]
[White "ATM622"]
[Black "Let_it_be_1"]
[Result "0-1"]
[WhiteElo "2475"]
[BlackElo "2674"]
[TimeControl "180+1"]
[EndTime "9:50:28 PST"]
[Termination "Let_it_be_1 won by resignation"]

1. d4 d5 2. c4 e6 3. Nf3 Nf6 4. g3 Be7 5. Bg2 O-O 6. O-O dxc4 7. Ne5 Nc6 8. Bxc6 bxc6 9. Nxc6 Qe8 10. Nxe7+ Qxe7 11. Qc2 e5 12. dxe5 Qxe5 13. Bf4 Qc5 14. Na3 Be6 15.
Rac1 Rab8 16. Nxc4 Bxc4 17. Qxc4 Qxc4 18. Rxc4 Rxb2 19.
Rxc7 Rxa2 20. Rd1 Re8 21. h3 h6 22. e3 g5 23. Rc6 Ne4 24. f3 Nf2 25. Rd7 gxf4 26.
gxf4 Rxe3 27. Kf1 Nd3 28. Rc2 Rxc2 0-1